AoeStats
← Xenochu

Arabia

509557971Analyzed
1v1 RM · 7d ago on Sep 27, 2026· 22m 20s· 2 players
Game mode
Random Map
Map size
Tiny (2 player)
Population
200
Speed
Normal
Resources
Standard
Victory
Conquest
Starting age
Dark Age
Ending age
Imperial Age
RankedLock teamsTeams togetherTeam positionsShared explorationLock speedFull tech treeHidden civsTurbo modeCheats
Victory
Defeat
🇹🇼 Franks · Taiwan
946
+16
🇦🇺 Vietnamese · Australia
952
-46
認真玩世紀
9:10 Loom
11:27 Feudal Age
13:07 Double-Bit Axe
19:06 Castle Age
18:34 Forging
18:30 Scale Barding Armor
23:03 Iron Casting
Xenochu
14:51 Feudal Age
Connection lost

Rejoining the realm…

Still unreachable

The connection could not be restored.

Session expired

The server has moved on; the page needs a fresh start.